 Dungeon Crawl Stone Soup version 0.26-a0-665-gefeb406 (webtiles) character file.

Game seed: 4031713341161291030

66 Mopster the Chopper (level 3, -1/34 HPs)
             Began as a Minotaur Berserker on Oct 14, 2020.
             Was a Believer of Trog.
             Slain by Crazy Yiuf
             ... wielding a +2 quarterstaff of chaos
              (13 damage)
             ... on level 2 of the Dungeon.
             The game lasted 00:07:32 (1382 turns).

Mopster the Chopper (Minotaur Berserker)            Turns: 1382, Time: 00:07:33

Health: -1/34      AC:  3    Str: 22    XL:     3   Next: 96%
Magic:  1/2        EV: 12    Int:  4    God:    Trog [**....]
Gold:   87         SH:  0    Dex:  9    Spells: 2/2 levels left

rFire    . . .     SeeInvis .   g - +2 whip (elec)
rCold    . . .     Faith    .   (no shield)
rNeg     + . .     Spirit   .   m - +0 leather armour
rPois    .         Reflect  .   (helmet restricted)
rElec    .         Harm     .   (no cloak)
rCorr    .         Rampage  .   (no gloves)
MR       .....                  (no boots)
Stlth    ..........             (no amulet)
HPRegen  0.11/turn              f - ring of positive energy
MPRegen  0.08/turn              (no ring)

@: confused, lethally poisoned (-1 -> -6), berserk cooldown, slowed, very slow
A: retaliatory headbutt, horns 2
a: Berserk, Trog's Hand, Renounce Religion


You were on level 2 of the Dungeon.
You worshipped Trog.
Trog was pleased with you.
You visited 1 branch of the dungeon, and saw 2 of its levels.

You collected 87 gold pieces.

Inventory:

Hand Weapons
 a - a +0 hand axe
 g - a +2 whip of electrocution (weapon)
Armour
 m - a +0 leather armour (worn)
Jewellery
 f - a ring of positive energy (left hand)
Scrolls
 c - a scroll of enchant armour
 d - 2 scrolls of teleportation
 j - a scroll of magic mapping {unknown}
 k - a scroll of enchant weapon {unknown}
Potions
 b - a potion of berserk rage {unknown}
 e - a potion of mutation {unknown}
 h - a potion of flight {unknown}


   Skills:
 + Level 4.5 Fighting
 + Level 4.7(4.8) Axes
 + Level 0.5(3.0) Maces & Flails
 + Level 2.7 Armour
 + Level 2.5 Dodging


You had 2 spell levels left.
You didn't know any spells.
Your spell library was empty.

Dungeon Overview and Level Annotations

Branches:
Dungeon (2/15)

Altars:

Annotations:
D:2 Crazy Yiuf


Innate Abilities, Weirdness & Mutations

You reflexively headbutt those who attack you in melee.
You have a pair of horns on your head.


Message History

Crazy Yiuf is heavily wounded.
You feel sick.
You closely miss Crazy Yiuf. Your headbutt misses Crazy Yiuf.
Crazy Yiuf is heavily wounded.
Crazy Yiuf hits you with a +2 quarterstaff of chaos.
You are confused.
You bump into the tree.
You are no longer berserk.
You are exhausted.
You feel yourself slow down.
You feel sick.
Crazy Yiuf laughs, "Shower illywillydillykilly foot!"
Crazy Yiuf hits you with a +2 quarterstaff of chaos.
You feel your power leaking away.
You hear the crackle of electricity.
g - a +2 whip of electrocution (weapon)
You hit Crazy Yiuf but do no damage.
Crazy Yiuf is heavily wounded.
You feel sick.
Crazy Yiuf hits you with a +2 quarterstaff of chaos!
You die...

.........#.#
#....#
......## #.#
♣P...♣
.......#.#†#
♣♣...♣
.......#.#.#
♣♣.♣♣
.......#...#
♣♣.♣
.......###.#
♣.♣♣
...........#
♣♣.♣
......######
♣.♣♣ ......#
#@# ......#
#.g.#
......#
#...#
##+####
#)..# #####


You could see Crazy Yiuf.

Vanquished Creatures
  An adder (D:2)
  An ooze (D:1)
  2 worms (D:2)
  3 leopard geckos
  A ball python (D:1)
  4 goblins (D:1)
  6 hobgoblins
  8 jackals (D:1)
  A quokka (D:2)
  5 bats
  3 frilled lizards
  3 rats
38 creatures vanquished.

Vanquished Creatures (others)
  3 fungi (D:2)
3 creatures vanquished.

Grand Total: 41 creatures vanquished

Notes
Turn   | Place    | Note
-------+----------+-------------------------------------------
     0 | D:1      | Mopster the Minotaur Berserker began the quest for the Orb.
     0 | D:1      | Reached XP level 1. HP: 19/19 MP: 0/0
    61 | D:1      | Reached XP level 2. HP: 27/27 MP: 1/1
   595 | D:1      | Reached ** piety under Trog
   595 | D:1      | Reached XP level 3. HP: 28/33 MP: 2/2
  1367 | D:2      | Found a runed translucent door.
  1368 | D:2      | Noticed Crazy Yiuf
  1382 | D:2      | Slain by Crazy Yiuf

Illustrated notes

Levels and vault maps discovered:
D:1:      tarquinn_simple_flora_water_a, layout_basic, kennysheep_boxes
D:2:      layout_basic, lemuel_coloured_pillars_altar, uniq_crazy_yiuf_cottage

Skill      XL: |  1  2 |
---------------+-------+-----
Axes           | 4 |  4.7
Fighting       | 4 |  4.5
Maces & Flails | |  0.5
Armour         | |  2.7
Dodging        | |  2.5

Action                   || total
-------------------------++-------
Melee: Hand axe          ||    45
       Headbutt          ||    16
       Whip              ||    35
Invok: Berserk           ||     2
  Use: Scroll            ||     4
Armor: Animal skin       ||     6
       Leather armour    ||    11
Dodge: Dodged            ||    41

Table legend: (Time is in decaauts)
 A = Elapsed time spent in this place.
 B = Non-inter-level travel time spent in this place.
 C = Inter-level travel time spent in this place.
 D = Time resting spent in this place.
 E = Time spent auto-exploring this place.
 F = Levels seen in this place.
 G = Mean time per level.
                   A        B        C        D        E       F      G
               +--------+--------+--------+--------+--------+-----+--------+
         Total |   1389 |   1183 |    206 |    100 |    862 |   2 |  694.5 |
       Dungeon |   1389 |   1183 |    206 |    100 |    862 |   2 |  694.5 |
               +--------+--------+--------+--------+--------+-----+--------+

Top non-repeatable levels by time:
     D:1: 893 daAuts
     D:2: 496 daAuts
